 Dungeon Crawl Stone Soup version 0.27.1-34-g3ba077fa99 (webtiles) character file.

Game seed: 16621951925487675942

2655 multipassport the Skirmisher (level 9, 0/92 HPs)
             Began as a Troll Chaos Knight on Jan 16, 2022.
             Was a Plaything of Xom.
             Slain by Maggie the rime drake (3 damage)
             ... on level 8 of the Dungeon.
             The game lasted 00:23:58 (5860 turns).

multipassport the Skirmisher (Troll Chaos Knight)   Turns: 5860, Time: 00:23:58

Health: 0/92       AC:  9    Str: 25    XL:     9   Next: 36%
Magic:  8/8        EV: 11    Int:  8    God:    Xom [.*....]
Gold:   431        SH:  0    Dex:  9    Spells: 8/8 levels left

rFire    + + .     SeeInvis .   g - +1 glaive (flame)
rCold    + . .     Faith    .   (shield currently unavailable)
rNeg     . . .     Spirit   .   p - +2 robe {rF+}
rPois    +         Reflect  .   (helmet restricted)
rElec    +         Harm     .   n - +1 cloak
rCorr    +         Rampage  .   (gloves unavailable)
Will     .....                  (boots unavailable)
Stlth    +.........             (no amulet)
HPRegen  1.25/turn              (no ring)
MPRegen  0.11/turn              (no ring)

@: resistant, frozen, attractive, very slow
A: large, unfitting armour, claws 3, regeneration 1, shaggy fur 1, tough skin 1,
iridescent scales 1, deformed body, sense surroundings 1
a: Renounce Religion


You were on level 8 of the Dungeon.
You worshipped Xom.
You were a plaything of Xom.
You visited 2 branches of the dungeon, and saw 9 of its levels.

You collected 431 gold pieces.

Inventory:

Hand Weapons
 a - a +0 spear of chaos
 g - a +1 glaive of flaming (weapon)
Missiles
 r - 2 throwing nets (quivered)
Armour
 n - a +1 cloak (worn)
 p - a +2 robe of fire resistance (worn)
Wands
 l - a wand of flame (19)
 s - a wand of polymorph (5)
 t - a wand of iceblast (10)
Scrolls
 b - 7 scrolls of identify
 d - 6 scrolls of teleportation
 h - 2 scrolls of enchant armour
 j - 2 scrolls of fog
 k - a scroll of summoning
 m - 3 scrolls of amnesia
 o - a scroll of silence
 q - a scroll of blinking
 v - a scroll of fear
Potions
 c - a potion of invisibility
 e - a potion of brilliance
 f - a potion of degeneration
 i - 2 potions of flight
 x - a potion of magic {unknown}


   Skills:
 + Level 6.7 Fighting
 + Level 6.6 Polearms
 + Level 6.5 Dodging


You had 8 spell levels left.
You didn't know any spells.
Your spell library contained the following spells:

 Spells                   Type           Power      Damage    Failure   Level
 Animate Skeleton         Necr           0%         N/A       41%         1
 Pain                     Necr           0%         1d4       41%         1
 Corpse Rot               Necr/Air       N/A        N/A       54%         2
 Poisonous Vapours        Pois/Air       0%         N/A       54%         2
 Vampiric Draining        Necr           0%         2d6       78%         3
 Freezing Cloud           Conj/Ice/Air   0%         6-21      100%        5


Dungeon Overview and Level Annotations

Branches:
Dungeon (8/15)             Temple (1/1) D:4
   Lair: D:8-11

Altars:
Cheibriados
Dithmenos
Gozag
Kikubaaqudgha
Makhleb
Okawaru
Ru
Sif Muna
Xom
Zin

Shops:
D:4 *   D:6 (

Annotations:
D:7 1 runed translucent door, exclusion: 4 orange crystal statues
D:8 Maggie


Innate Abilities, Weirdness & Mutations

You are too large for most types of armour.
You have claws for hands.
Your natural rate of healing is unusually fast.
You are covered in fur. (AC +1)
You have tough skin. (AC +1)
You are partially covered in iridescent scales. (AC +2)
Armour fits poorly on your strangely shaped body.
You passively map a small area around you.


Message History

r - Retreat! s - Stop attacking. g - Guard the area. f - Follow me.
Anything else - Cancel.
Gang up on whom?
Press: ? - help, Dir - move target, f - Maggie
Aim: Maggie, wielding a +0 halberd and wearing +0 acid dragon scales (severely wounded, ally target) Attack!
Your ufetubus barely misses Maggie.
Your ufetubus closely misses Maggie.
It was a potion of attraction.
You feel attractive to monsters.
Your ufetubus hits Maggie but does no damage.
Your ufetubus closely misses Maggie.
Maggie gestures at your ufetubus while chanting.
The bolt of fire hits your ufetubus!!!
Your ufetubus is burned terribly!
Your ufetubus dies!
Your ufetubus disappears in a puff of smoke!
Maggie is pulled toward you!
Aiming: Polymorph
Press: ? - help, Shift-Dir - straight line, f/p - Maggie
Aim: Maggie, wielding a +0 halberd and wearing +0 acid dragon scales (severely wounded, unaware, hasn't noticed you, will become a rime drake, a black mamba, or a wyvern, chance to affect: 46%) Maggie shouts!
Maggie evaporates and reforms as a rime drake!
You closely miss Maggie.
Maggie is heavily wounded.
Maggie breathes ice at you. The flash freeze hits you!! You partially resist.
* * * LOW HITPOINT WARNING * * *
You are encased in ice.
You closely miss Maggie.
Maggie is heavily wounded.
Maggie bites you.
* * * LOW HITPOINT WARNING * * *
Maggie bites you.
* * * LOW HITPOINT WARNING * * *
You closely miss Maggie.
Maggie is heavily wounded.
Maggie bites you.
You die...
Xom chuckles heartily!

)....####....###
##.............#
#.............####
.....#........#..#
#######..........##
#.....#..#........#
#.#.....###...)...#
........# #.?##k.##
........# #..###@#
....#...####.# ###*
* ...###....#..# *
..####@....... , ,*
..@....?.....# , ,*
.....##..##.##, ,
,,, *
...ยง.##..#,..# ,,
...(.##..# .# *
.......... .,*


You could see Maggie the rime drake (catching breath).

Vanquished Creatures
  A centaur zombie (D:5)
  A wyvern (D:7)
  A water moccasin (D:7)
  4 ice beasts
  An orc warrior (D:5)
  A sky beast (D:5)
  A black bear (D:4)
  A necrophage (D:7)
  A tengu (D:7)
  A centaur (D:7)
  A phantom (D:4)
  Blork the orc (D:4)
  2 scorpions (D:6)
  2 water moccasin skeletons
  4 wights (D:7)
  A howler monkey (D:5)
  2 bullfrog zombies (D:6)
  A jelly (D:5)
  2 orc priests
  2 hounds
  2 centaur skeletons
  2 iguanas
  3 orc wizards
  A killer bee zombie (D:7)
  2 hound skeletons
  A howler monkey zombie (D:7)
  3 gnolls (D:6)
  5 adders
  A howler monkey skeleton (D:5)
  2 white imps
  2 worms
  3 dart slugs
  10 orcs
  7 endoplasms
  4 giant cockroaches
  7 goblins
  6 hobgoblins
  A jackal (D:3)
  5 kobolds
  4 quokkas
  7 ball pythons
  5 bats
  5 frilled lizards
  6 rats
125 creatures vanquished.

Vanquished Creatures (collateral kills)
  An orc (D:8)
1 creature vanquished.

Grand Total: 126 creatures vanquished

Notes
Turn   | Place    | Note
-------+----------+-------------------------------------------
     0 | D:1      | multipassport the Troll Chaos Knight began the quest for
                  | the Orb.
     0 | D:1      | Reached XP level 1. HP: 22/22 MP: 0/0
     3 | D:1      | XOM: silly message
    96 | D:1      | XOM: silly message
    98 | D:1      | XOM: divination: detect items
   129 | D:1      | Reached XP level 2. HP: 29/29 MP: 1/1
   535 | D:1      | XOM: give mutations
   535 | D:1      | Gained mutation: You are covered in thick fur. (AC +2)
                  | [Xom's grace]
   535 | D:1      | Gained mutation: Your spells are a little harder to cast,
                  | but a little more powerful. [Xom's grace]
   684 | D:2      | Reached XP level 3. HP: 36/36 MP: 2/2
   857 | D:2      | XOM: scenery: create altars
   977 | D:2      | Found a faded altar of an unknown god.
  1332 | D:3      | XOM: confuse monster(s)
  1333 | D:3      | Reached XP level 4. HP: 45/45 MP: 3/3
  1408 | D:3      | XOM: enchant monster (good)
  1655 | D:3      | Found an iron altar of Okawaru.
  1678 | D:3      | XOM: noise
  1849 | D:3      | XOM: 2-stop teleportation journey
  2017 | D:3      | Found a shadowy altar of Dithmenos.
  2145 | D:3      | XOM: give mutation
  2145 | D:3      | Gained mutation: You passively map a small area around you.
                  | [Xom's mischief]
  2230 | D:3      | Reached XP level 5. HP: 52/53 MP: 4/4
  2418 | D:4      | Found a shimmering blue altar of Sif Muna.
  2420 | D:4      | Noticed Blork the orc
  2444 | D:4      | Killed Blork the orc
  2447 | D:4      | HP: 1/53 [orc (5)]
  2527 | D:4      | Noticed a black bear
  2543 | D:4      | Killed a black bear
  2544 | D:4      | Reached XP level 6. HP: 59/62 MP: 5/5
  2574 | D:4      | Found a sacrificial altar of Ru.
  2703 | D:4      | Found an opulent altar of Gozag.
  2776 | D:4      | XOM: enchant monster (good)
  2939 | D:4      | Found a staircase to the Ecumenical Temple.
  2947 | Temple   | Entered the Ecumenical Temple
  3089 | D:4      | Found Agaankon's General Store.
  3145 | D:4      | Reached XP level 7. HP: 70/70 MP: 6/6
  3215 | D:5      | Entered Level 5 of the Dungeon
  3221 | D:5      | XOM: butterfly on damage
  3230 | D:4      | XOM: enchant monster (good)
  3233 | D:4      | XOM: noise
  3349 | D:5      | HP: 3/70 [orc warrior (19)]
  3370 | D:5      | XOM: swap monsters
  3452 | D:5      | Reached skill level 5 in Fighting
  3452 | D:5      | Reached skill level 5 in Polearms
  3452 | D:5      | Reached XP level 8. HP: 80/80 MP: 7/7
  3814 | D:5      | XOM: silly message
  3823 | D:5      | Reached skill level 5 in Dodging
  3884 | D:5      | Found a snail-covered altar of Cheibriados.
  3893 | D:5      | XOM: 1-stop teleportation journey
  3898 | D:5      | XOM: enchant monster (bad)
  4276 | D:5      | Found a burning altar of Makhleb.
  4454 | D:6      | XOM: chaos cloud
  4459 | D:6      | XOM: polymorph ogre -> ice beast
  4513 | D:6      | Found Ujuxau Xalei's Antique Weapon Emporium.
  4576 | D:6      | XOM: smoke on damage
  4781 | D:6      | XOM: divination: detect creatures
  4963 | D:7      | XOM: polymorph wyvern -> tengu
  5041 | D:7      | XOM: 1-stop teleportation journey
  5046 | D:7      | Reached XP level 9. HP: 89/89 MP: 8/8
  5126 | D:7      | Found a runed translucent door.
  5132 | D:7      | Found the +10 tower shield of Ignorance {rN+ Int-4}
  5150 | D:7      | Noticed an orange crystal statue
  5150 | D:7      | Noticed an orange crystal statue
  5150 | D:7      | Noticed an orange crystal statue
  5150 | D:7      | Noticed an orange crystal statue
  5189 | D:7      | XOM: confusion (+ monsters)
  5200 | D:7      | Found a runed translucent door.
  5393 | D:7      | XOM: blink monster(s)
  5587 | D:7      | XOM: summons 4 hostile demons
  5717 | D:8      | Lost mutation: You are covered in thick fur. (AC +2)
                  | [potion of mutation]
  5717 | D:8      | Lost mutation: Your spells are a little harder to cast, but
                  | a little more powerful. [potion of mutation]
  5717 | D:8      | Gained mutation: Armour fits poorly on your strangely
                  | shaped body. [potion of mutation]
  5717 | D:8      | Gained mutation: You are partially covered in iridescent
                  | scales. (AC +2) [potion of mutation]
  5777 | D:8      | XOM: enchant monster (good)
  5820 | D:8      | Found a shimmering altar of Xom.
  5820 | D:8      | Noticed Maggie
  5828 | D:8      | XOM: swap monsters
  5841 | D:8      | HP: 3/92 [Maggie (17)]
  5846 | D:8      | XOM: summons friendly ufetubus
  5857 | D:8      | Noticed Maggie
  5857 | D:8      | Maggie changed into Maggie the rime drake
  5858 | D:8      | HP: 2/92 [Maggie the rime drake/flash freeze (22)]
  5860 | D:8      | Slain by Maggie the rime drake

Illustrated notes

Levels and vault maps discovered:
D:1:      giann_forest_graveyard, layout_loops_ring, st_stairs_8,
          minmay_misc_feat_chi
D:2:      layout_loops_ring, dreamdust_ecumenical_altar_hidden_monk_grotto,
          minmay_misc_feat_four_crosses
D:3:      kennysheep_six_static_rooms, layout_loops_corners,
          nicolae_dithmenos_through_a_glass_darkly, okawaru_metal_pillars_1_2,
          minmay_fractal_squares_diagonal_5
D:4:      layout_basic, old_standard_altar, kennysheep_mini_moat,
          mainiacjoe_overflow_paths, minmay_temple_entry_wispy, serial_shops,
          shop, uniq_blork_the_orc
D:5:      kennysheep_big_flooded_room, layout_loops_corners,
          lightli_temple_of_fire, marbit_many_paths
D:6:      layout_cave_pools, serial_shops, shop
D:7:      layout_loops_ring, chequers_guarded_unrand_ignorance
D:8:      layout_cave_pools, mainiacjoe_overflow_tiny_flanked,
          erik_lair_orcish_takeover, ebering_ghost_reflecting_pool, uniq_maggie
Temple:   dpeg_three_leaves_temple

Skill      XL: |  1  2  3  4  5  6  7  8 |
---------------+-------------------------+-----
Dodging        | 2 3 4 6 |  6.5
Polearms       | 3 4 5 6 |  6.6
Fighting       | 3 4 5 6 |  6.7

Action                   |  1- 3 |  4- 6 |  7- 9 || total
-------------------------+-------+-------+-------++-------
Melee: Spear             |    98 |   246 |    44 ||   388
       Glaive            |       |       |   195 ||   195
Evoke: Wand              |       |       |     1 ||     1
  Use: Scroll            |       |       |    15 ||    15
       Potion            |       |       |     9 ||     9
 Stab: Sleeping          |     2 |     3 |     2 ||     7
       Paralysed         |     1 |     4 |       ||     5
       Petrified         |       |     4 |       ||     4
       Confused          |       |     1 |       ||     1
       Invisible         |       |       |     1 ||     1
Armor: Robe              |    29 |    88 |   138 ||   255
Dodge: Dodged            |    22 |    81 |   147 ||   250
